 Dungeon Crawl Stone Soup version 0.28-a0-823-gb444dcf96d (webtiles) character file.

Game seed: 12841716078698037610

56 bande the Covered (level 3, 23/23 HPs)
             Began as a Gargoyle Fighter on Nov 9, 2021.
             Quit the game on level 3 of the Dungeon.
             The game lasted 00:02:22 (2379 turns).

bande the Covered (Gargoyle Fighter)                Turns: 2379, Time: 00:02:23

Health: 23/23      AC: 10    Str: 20    XL:     3   Next: 97%
Magic:  3/3        EV:  9    Int:  8    God:
Gold:   84         SH:  4    Dex: 11    Spells: 2/2 levels left

rFire   . . .      SeeInvis .   a - +1 war axe
rCold   . . .      Faith    .   c - +0 buckler
rNeg    + . .      Spirit   .   b - +0 scale mail
rPois   ∞          Reflect  .   (no helmet)
rElec   +          Harm     .   (no cloak)
rCorr   .          Rampage  .   (no gloves)
Will    .....                   (no boots)
Stlth   ..........              (no amulet)
HPRegen 0.07/turn               g - ring of flight
MPRegen 0.08/turn               (no ring)

@: flying
A: sickness immunity, AC +3, negative energy resistance 1, electricity
resistance, torment resistance 1, petrification resistance, hooves 1, agile 1,
deterioration 1
a: no special abilities


You were on level 3 of the Dungeon.
You visited 1 branch of the dungeon, and saw 3 of its levels.

You collected 84 gold pieces.

Inventory:

Hand Weapons
 a - a +1 war axe (weapon)
Armour
 b - a +0 scale mail (worn)
 c - a +0 buckler (worn)
Jewellery
 g - a ring of flight (left hand)
 i - a ring of fire
Potions
 d - a potion of might
 f - a potion of berserk rage {unknown}
 h - a potion of lignification {unknown}


   Skills:
 + Level 3.6 Fighting
 + Level 2.6 Axes
 + Level 3.9 Armour
 + Level 0.3 Dodging
 + Level 3.6 Shields


You had 2 spell levels left.
You didn't know any spells.
Your spell library was empty.

Dungeon Overview and Level Annotations

Branches:
Dungeon (3/15)

Altars:


Innate Abilities, Weirdness & Mutations

You are immune to sickness and miasma.
Your stone body is resilient. (AC +3)
You are immune to poison.
You resist negative energy. (rN+)
You are resistant to electric shocks. (rElec)
You are resistant to unholy torment.
You are immune to petrification.
You have large cloven feet.
You are agile. (Dex +2)
Your body sometimes deteriorates upon taking damage.


Message History

No target in view!
No target in view!
No target in view!
i - a ring of fire You now have 84 gold pieces (gained 8).
There is an escape hatch in the ceiling here.
You see here a +0 short sword.
There is a faded altar of an unknown god here.
Found an escape hatch in the floor.
A rat comes into view.
A rat is nearby!
The rat closely misses you.
You slash the rat!
You kill the rat!
No target in view!
No target in view!
No target in view!
No target in view!
No target in view!
There is a stone staircase leading down here.
j - a scroll labelled YFUUGI OVESOAKK
Found a weird runed staff.
Found a stone staircase leading up.
There is a stone staircase leading up here.
Done exploring.
Done exploring.
No target in view!
Done exploring.
Done exploring.
There is a stone staircase leading down here.
You fly downwards.
Found 11 gold pieces.
There is a stone staircase leading up here.
As you read the scroll labelled YFUUGI OVESOAKK, it crumbles to dust.
It is a scroll of identify.
e - a potion of mutation Really quaff the potion of mutation?
You feel extremely strange.
You feel yourself wasting away.
You feel agile.
Your feet thicken and deform.
Are you sure you want to abandon this character and quit the game? (Confirm with "yes".)

..
.###
...
..#
###..
..$
#.#
#@#
#.#
#.#
#..
###


There were no monsters in sight!

Vanquished Creatures
  2 adders (D:2)
  A worm (D:2)
  A dart slug (D:1)
  3 ball pythons
  3 giant cockroaches (D:1)
  4 goblins (D:1)
  4 hobgoblins
  2 quokkas (D:1)
  4 frilled lizards
  8 kobolds
  3 rats
35 creatures vanquished.

Notes
Turn   | Place    | Note
-------+----------+-------------------------------------------
     0 | D:1      | bande the Gargoyle Fighter began the quest for the Orb.
     0 | D:1      | Reached XP level 1. HP: 14/14 MP: 1/1
   122 | D:1      | Reached XP level 2. HP: 17/19 MP: 2/2
   552 | D:1      | Reached XP level 3. HP: 14/23 MP: 3/3
  1947 | D:2      | Found a faded altar of an unknown god.
  2378 | D:3      | Gained mutation: Your body sometimes deteriorates upon
                  | taking damage. [potion of mutation]
  2378 | D:3      | Gained mutation: You are agile. (Dex +2) [potion of
                  | mutation]
  2378 | D:3      | Gained mutation: You have large cloven feet. [potion of
                  | mutation]
  2379 | D:3      | Quit the game

Illustrated notes

Levels and vault maps discovered:
D:1:      minmay_arrival_checkered_box, layout_basic, st_stairs_11
D:2:      layout_loops_cross, shapermc_ecumenical_altar_mp_highgroup
D:3:      layout_basic, mainiacjoe_overflow_tiny_flanked,
          nicolae_hepliaklqana_hippocampus, uniq_jessica, uniq_natasha,
          uniq_terence

Skill      XL: |  1  2 |
---------------+-------+-----
Axes           | 2 |  2.6
Fighting       | |  3.6
Armour         | |  3.9
Dodging        | |  0.3
Shields        | |  3.6

Action                   || total
-------------------------++-------
Melee: War axe           ||   103
  Use: Scroll            ||     3
       Potion            ||     1
Armor: Scale mail        ||    60
Dodge: Dodged            ||    44
Block: Buckler           ||    29

Table legend: (Time is in decaauts)
 A = Elapsed time spent in this place.
 B = Non-inter-level travel time spent in this place.
 C = Inter-level travel time spent in this place.
 D = Time resting spent in this place.
 E = Time spent auto-exploring this place.
 F = Levels seen in this place.
 G = Mean time per level.
                   A        B        C        D        E       F      G
               +--------+--------+--------+--------+--------+-----+--------+
         Total |   2419 |   2419 |      0 |    551 |   1542 |   3 |  806.3 |
       Dungeon |   2419 |   2419 |      0 |    551 |   1542 |   3 |  806.3 |
               +--------+--------+--------+--------+--------+-----+--------+

Top non-repeatable levels by time:
     D:1: 1426 daAuts
     D:2: 990 daAuts
     D:3: 2 daAuts
